 Dungeon Crawl Stone Soup version 0.18-a0-1800-gdc7a371 (webtiles) character file.

7826643 FitzyFitz the Conqueror (level 27, 273/273 HPs)
             Began as a Grey Draconian Skald on Apr 15, 2016.
             Was the Champion of Ashenzari.
             Escaped with the Orb
             ... and 11 runes on Apr 23, 2016!
             The game lasted 1 day 16:04:02 (118525 turns).

FitzyFitz the Conqueror (DrSk)                Turns: 118525, Time: 1 , 16:04:02

Health: 273/273    AC: 33    Str: 18    XL:     27
Magic:  49/49      EV: 29    Int: 23    God:    Ashenzari [******]
Gold:   11598      SH: 22    Dex: 17    Spells: 17 memorised, 0 levels left

rFire  + . .     SeeInvis +     d - +8 mithril axe "Arga" {speed, MR+ Str+2} (curse)
rCold  + + .     Gourm    .     (armour unavailable)
rNeg   + + .     Faith    .     S - +5 shield {reflect} (curse)
rPois  .         Spirit   .     N - +2 hat (curse)
rElec  +         Dismiss  .     E - +2 cloak {MR+} (curse)
rCorr  +         Reflect  +     y - +0 pair of gloves "Fuleismuene" {rElec rC+ MR- Slay+3} (curse)
SustAt .         Harm     .     v - +0 pair of boots of Fifrierch {rN+ rCorr Slay+2} (curse)
MR     ++++.     Clarity  +     O - amulet of Ilon {rC+ Regen+ Int+2} (curse)
Stlth  ++........               k - ring of Robustness {AC+8} (curse)
                                h - ring "Veppaod" {rF+ rN+ MR+ Dex+3} (curse)

@: delayed fireball, incredibly resistant to hostile enchantments, unstealthy
A: walk through water, unfitting armour, see invisible, unbreathing,
cold-blooded, AC +18
a: Curse Item, Scrying, Transfer Knowledge, Renounce Religion, Release Delayed
Fireball
0: Orb of Zot
}: 11/15 runes: decaying, serpentine, slimy, silver, golden, abyssal, demonic,
glowing, magical, fiery, dark


You escaped.
You worshipped Ashenzari.
Ashenzari was exalted by your worship.
You were not hungry.

You visited 16 branches of the dungeon, and saw 73 of its levels.
You visited Pandemonium 9 times, and saw 31 of its levels.
You visited the Abyss 5 times.
You visited 1 bazaar.
You visited 2 ziggurats, and saw 26 of their levels (deepest: 14).
You also visited: Ice Cave and Volcano.

You collected 15946 gold pieces.
You spent 4348 gold pieces at shops.

Inventory:

Hand Weapons
 d - the cursed +8 mithril axe "Arga" (weapon) {speed, MR+ Str+2}
   (You found it on level 3 of the Elven Halls)

   Attacks with this weapon are significantly faster.
   It affects your strength (+2).
   It affects your resistance to hostile enchantments.
   It has a curse placed upon it.
Armour
 r - the +7 large shield of the Enchanted Forest {rN+}
   (You took it off a daeva in Pandemonium)

   It protects you from negative energy.
 v - the cursed +0 pair of boots of Fifrierch (worn) {rN+ rCorr Slay+2}
   (You acquired it in Pandemonium)

   It affects your accuracy and damage with ranged weapons and melee attacks
   (+2).
   It protects you from negative energy.
   It protects you from acid and corrosion.
   It has a curse placed upon it.
 y - the cursed +0 pair of gloves "Fuleismuene" (worn) {rElec rC+ MR- Slay+3}
   (You found it on level 9 of the Dungeon)

   It affects your accuracy and damage with ranged weapons and melee attacks
   (+3).
   It protects you from cold.
   It insulates you from electricity.
   It affects your resistance to hostile enchantments.
   It has a curse placed upon it.
 C - the +6 large shield of Hangman {rC- Regen+ Stlth+}
   (You found it on level 5 of a ziggurat)

   It makes you vulnerable to cold.
   It increases your rate of regeneration.
   It makes you more stealthy.
 E - a cursed +2 cloak of magic resistance (worn)
 N - a cursed +2 hat (worn)
 S - a cursed +5 shield of reflection (worn)
Jewellery
 h - the cursed ring "Veppaod" (left hand) {rF+ rN+ MR+ Dex+3}
   (You found it on level 3 of the Crypt)

   [ring of positive energy]

   It affects your dexterity (+3).
   It protects you from fire.
   It protects you from negative energy.
   It affects your resistance to hostile enchantments.
   It has a curse placed upon it.
 k - the cursed ring of Robustness (right hand) {AC+8}
   (You found it on level 3 of the Crypt)

   [ring of protection]

   It affects your AC (+8).
   It has a curse placed upon it.
 s - the ring "Nuor" {Fire MR+++}
   (You found it on level 4 of a ziggurat)

   [ring of fire]

   It enhances your fire magic, and weakens your ice magic.
   It protects you from fire.
   It makes you vulnerable to cold.
   It affects your resistance to hostile enchantments.
 H - the ring "Qaanos" {SustAt +Blink rC+}
   (You found it in Pandemonium)

   [ring of sustain attributes]

   It sustains your strength, intelligence and dexterity.
   It protects you from cold.
   It lets you blink.
 O - the cursed amulet of Ilon (around neck) {rC+ Regen+ Int+2}
   (You found it on level 10 of a ziggurat)

   [amulet of regeneration]

   It affects your intelligence (+2).
   It protects you from cold.
   It increases your rate of regeneration.
   It has a curse placed upon it.
 T - the ring "Cethat" {Fire *Contam rN+++ MR- Int+4}
   (You found it on level 10 of a ziggurat)

   [ring of fire]

   It enhances your fire magic, and weakens your ice magic.
   It affects your intelligence (+4).
   It protects you from fire.
   It makes you vulnerable to cold.
   It renders you almost immune to negative energy.
   It affects your resistance to hostile enchantments.
   It causes magical contamination when unequipped.
 V - the brooch of Shielding {Reflect SH+8}
   (You found it on level 11 of a ziggurat)

   [amulet of reflection]

   It shields you and reflects attacks.
   It affects your SH (+8).
 X - the ring of the Doge {rPois rF+ Int+4}
   (You found it on level 11 of a ziggurat)

   [ring of protection from fire]

   It affects your intelligence (+4).
   It protects you from fire.
   It protects you from poison.
Wands
 e - a wand of disintegration (20/24)
 l - a wand of heal wounds (6/9)
 m - a wand of teleportation (9/9)
 n - a wand of teleportation (6/9)
 D - a wand of digging (17/24)
Scrolls
 b - a scroll of blinking
 g - 3 scrolls of brand weapon
 q - 36 scrolls of remove curse
 u - 4 scrolls of holy word
 x - 10 scrolls of magic mapping
 B - 5 scrolls of enchant armour
 F - 7 scrolls of recharging
 G - 6 scrolls of fog
 K - 6 scrolls of enchant weapon
 L - 11 scrolls of teleportation
 Q - 7 scrolls of silence
 R - 9 scrolls of fear
 Z - 56 scrolls of identify
Potions
 a - 7 potions of cure mutation
 i - 7 potions of resistance
 j - a potion of cancellation
 p - 6 potions of invisibility
 t - 7 potions of magic
 w - 3 potions of flight
 z - 20 potions of curing
 M - 6 potions of brilliance
 P - 7 potions of agility
 U - 5 potions of might
 Y - 4 potions of haste
Comestibles
 c - 20 bread rations
 f - 22 fruits
 o - 2 chunks of flesh
 A - a meat ration
 I - 3 royal jellies


   Skills:
 O Level 27 Fighting
 - Level 23.7(27) Axes
 - Level 17.6(21.4) Dodging
 - Level 12.1(16.2) Stealth
 + Level 21.1(23.2) Shields
 - Level 22.6 Spellcasting
 - Level 23.8(27) Conjurations
 - Level 4.7(9.1) Hexes
 - Level 17.4(21.2) Charms
 - Level 2.6(6.2) Summonings
 - Level 12.3(16.5) Necromancy
 - Level 3.4(7.4) Translocations
 - Level 3.3(7.3) Transmutations
 - Level 23.8(27) Fire Magic
 - Level 3.1(7.0) Ice Magic
 - Level 6.8(11.3) Air Magic
 - Level 3.0(6.8) Earth Magic
 - Level 3.3(7.2) Poison Magic
 - Level 3.0(6.8) Evocations


You couldn't memorise any spells.
You knew the following spells:

 Your Spells              Type           Power        Failure   Level  Hunger
a - Apportation           Tloc           ######....   1%          1    None
b - Blink                 Tloc           N/A          1%          2    None
c - Deflect Missiles      Chrm/Air       #######...   1%          6    ##.....
d - Regeneration          Chrm/Necr      #######...   0%          3    None
e - Spectral Weapon       Hex/Chrm       #######.     0%          3    None
f - Mephitic Cloud        Conj/Pois/Air  #######.     0%          3    None
g - Fire Storm            Conj/Fire      ########..   6%          9    #######
h - Swiftness             Chrm/Air       #######.     0%          2    None
i - Passwall              Trmt/Erth      ######....   1%          2    None
j - Haste                 Chrm           #######.     1%          6    ##.....
k - Ring of Flames        Chrm/Fire      #######...   1%          7    ####...
l - Freezing Cloud        Conj/Ice/Air   #######...   1%          6    ##.....
m - Fireball              Conj/Fire      ########..   0%          5    None
n - Delayed Fireball      Conj/Fire      N/A          1%          7    ####...
o - Summon Butterflies    Summ           ######..     1%          1    None
p - Silence               Hex/Air        ######....   1%          5    None
q - Death's Door          Chrm/Necr      #######...   4%          8    ######.


Dungeon Overview and Level Annotations

Branches:
Dungeon (15/15)            Temple (1/1) D:6            Lair (8/8) D:9
  Swamp (4/4) Lair:5        Snake (4/4) Lair:6        Slime (6/6) Lair:7
    Orc (2/2) D:9             Elf (3/3) Orc:2        Vaults (5/5) D:13
  Crypt (3/3) Vaults:2       Tomb (3/3) Crypt:3      Depths (5/5) D:15
   Hell (1/1)                 Dis (7/7) Hell            Geh (1/7) Hell
    Coc (0/7) Hell            Tar (0/7) Hell            Zot (5/5) Depths:5

Altars:
Ashenzari
Cheibriados
Dithmenos
Fedhas
Gozag
Kikubaaqudgha
Makhleb
Nemelex Xobeh
Okawaru
Pakellas
Ru
Sif Muna
Trog
Xom
Yredelemnul
Jiyva

Shops:
D:7 !   D:9 :   Orc:2 ?}?!   Vaults:1 *[   Vaults:3 :   Vaults:4 }

Portals:
Hell: Depths:1 Depths:2 Depths:3 Depths:4 Depths:5
Abyss: Depths:2 Depths:4 Depths:5
Pandemonium: Depths:2 Depths:3

Annotations:
D:7 pestonoire's ghost, novice TrHu
D:11 1 exclusion


Innate Abilities, Weirdness & Mutations

You can walk through water.
Your dull iron-grey scales are very hard (AC +18).
Your body does not fit into most forms of armour.
You can survive without breathing.
You are cold-blooded and may be slowed by cold attacks.
You have supernaturally acute eyesight.


Message History

You tail-slap the ice devil, but do no damage.
The ice devil is almost dead.
You block the ice devil's attack.
You slice the ice devil!!
You kill the ice devil!
(D) Dungeon (T) Temple (L) Lair (S) Swamp (P) Snake Pit (M) Slime Pits (O) Orcish Mines (E) Elven Halls (V) Vaults (C) Crypt (W) Tomb (U) Depths (H) Hell (I) Dis (G) Gehenna (X) Cocytus (Y) Tartarus (Z) Zot
Where to? (Enter - D:1, ? - help)
What level of the Dungeon? (default 1, ? - help)
You see here a rat corpse.
HP restored.
There is a stone staircase leading up here.
You climb upwards.
There is a stone staircase leading down here.
You see here 24 stones.
There is a staircase leading out of the dungeon here.
You have escaped!

.# #.# #.###.######...##.##
.######.## #(# #.#
##........ .........#
#.###.# #.........
#######..# #...{.#
#...###.## # #..# ###.#.#
#...# #.## # #..# #.#.#
#...###... ##
############## #.........
.########.........#
#.#.######
................@.#
##.#.##....
##########........#
#.......... ....#
##........######.###.....
....#
##...#.....##.............
....#
##...###....####.#####.....
....###...## ##.###
#.....#...#.# ....##...##
#.# #......###..#
....#...##
####.#####......#....#
.)[....##
#.##.##.##......#....#


There were no monsters in sight!

Vanquished Creatures
  the Royal Jelly (Slime:6)
  5 pandemonium lords (Pan)
  Dissolution (Slime:6)
  Gloorx Vloq (Pan)
  A seraph (Pan)
  Lom Lobon (Pan)
  Mnoleg (Pan)
  4 orbs of fire
  The ghost of lordive the Swordmaster, a legendary MiGl of the Shining One (Tomb:1)
  11 ancient liches
  A juggernaut (Depths:5)
  31 greater mummies
  Boris (Crypt:3)
  4 shard shrikes
  Norris (Vaults:3)
  4 Killer Klowns
  Margery (Crypt:3)
  8 caustic shrikes
  Geryon (Hell)
  15 golden dragons
  A profane servitor (Abyss:4)
  4 Tzitzimimeh (Pan)
  2 pearl dragons (Pan)
  3 Brimstone Fiends (Pan)
  The ghost of SJWn the Grand Gadgeteer, a veteran KoWn of Pakellas (Vaults:4)
  An iron giant (Zig:4)
  4 bone dragons
  A hellephant (Zig:8)
  Jorgrun (Vaults:1)
  4 electric golems
  3 Ice Fiends
  22 tentacled monstrosities
  2 quicksilver dragons
  28 Orb Guardians
  A shard shrike skeleton (Crypt:1)
  2 deep elf blademasters (Elf:3)
  13 liches
  2 deep elf master archers (Elf:3)
  4 titans
  A quicksilver dragon (shapeshifter) (Vaults:5)
  An eldritch tentacle (Pan)
  8 tentacled starspawn
  9 death cobs
  27 acid blobs
  8 tengu reavers
  7 ancient champions
  12 sphinxes
  24 Executioners
  6 revenants
  Agnes (Snake:4)
  13 storm dragons
  11 shadow dragons
  6 greater nagas
  4 thorn hunters
  2 draconian monks
  An azure jelly (shapeshifter) (Zig:6)
  Donald (Swamp:1)
  14 azure jellies
  12 daevas
  8 fire giants
  Maud (Orc:1)
  13 frost giants
  Aizul (Snake:1)
  8 deep elf sorcerers
  4 ghost moths
  8 vault wardens
  Wiglaf (Snake:4)
  6 draconian knights
  5 draconian scorchers
  10 warmongers (Pan)
  12 curse skulls
  3 orc warlords
  16 cacodemons (Pan)
  Louise (Snake:2)
  A juggernaut zombie (Hell)
  23 balrugs
  5 iron dragons
  4 draconian shifters
  7 corrupters (Pan)
  An emperor scorpion (Zig:7)
  2 deep elf elementalists (Elf:3)
  A caustic shrike skeleton (Crypt:2)
  6 draconian annihilators
  4 ghouls
  24 angels
  12 ironheart preservers
  3 draconian callers
  A juggernaut skeleton (Zig:12)
  25 reapers
  22 very ugly things
  21 stone giants
  6 war gargoyles
  25 apis (Pan)
  22 vampire knights
  3 blood saints (Pan)
  A green draconian (Zot:4)
  13 ophanim (Pan)
  9 lorocyprocas (Pan)
  10 deep elf demonologists
  7 mottled draconians
  8 bennus
  9 purple draconians
  4 black draconians
  4 salamander stormcallers
  6 deep elf annihilators
  8 yellow draconians
  Azrael (D:12)
  6 chaos champions
  6 spark wasps
  4 red draconians
  4 black suns (Pan)
  6 white draconians
  7 eidola
  Snorg (D:11)
  The ghost of Wolfechu the Basher, a journeyman HOCK of Qazlal (Lair:3)
  9 ettins
  10 deep elf death magi
  The ghost of sorlin the Martial Artist, a journeyman DgTm (Lair:5)
  29 blizzard demons
  21 green deaths
  24 jiangshi
  2 minotaurs (shapeshifter)
  Fannar (D:11)
  2 quicksilver dragon zombies
  7 deep elf high priests
  12 death oozes
  26 vault guards
  18 yaktaur captains
  24 mummy priests
  An ice dragon (shapeshifter) (Zig:3)
  15 great orbs of eyes
  A kraken zombie (Hell)
  12 fire dragons
  8 monstrous demonspawn (Pan)
  15 naga warriors
  5 hell beasts (Pan)
  6 entropy weavers
  19 hydras
  23 ice dragons
  A spriggan air mage (Depths:5)
  3 catoblepae
  7 rakshasas
  Erolcha (D:10)
  11 centaur warriors
  8 ghost crabs
  23 tengu warriors
  6 anacondas
  Erica (D:8)
  31 dancing weapons
  13 death yaks
  A merfolk aquamancer (Zig:3)
  9 alligators
  4 death knights
  7 hell hogs
  10 spriggan berserkers
  10 ogre magi
  8 deep troll earth magi
  15 vampire magi
  7 deep troll shamans
  5 orc high priests (Orc:2)
  25 naga sharpshooters
  Urug (D:10)
  An iron giant zombie (Crypt:3)
  The ghost of jasper the Spear-Bearer, a novice MfAK of Lugonu (D:9)
  5 thrashing horrors
  29 soul eaters
  4 shock serpents
  44 sun demons
  Sonja (D:10)
  3 iron trolls
  22 hell knights
  A titan skeleton (Pan)
  7 wretched stars
  A fire crab (shapeshifter) (Vaults:4)
  The ghost of vortex the Destroyer, a novice DEWz of Vehumet (D:10)
  28 deep elf knights
  2 storm dragon zombies
  2 titan zombies
  54 death scarabs
  A golden dragon zombie (Crypt:1)
  65 skeletal warriors
  10 flayed ghosts
  A death drake (shapeshifter) (Zig:13)
  24 deep trolls
  8 giant orange brains
  9 shadow wraiths
  2 fire crabs
  7 swamp dragons
  5 infernal demonspawn (Pan)
  11 spriggan druids
  6 unseen horrors
  4 gelid demonspawn (Pan)
  16 cherubim (Pan)
  3 salamander mystics
  7 anaconda zombies
  A swamp dragon (shapeshifter) (Zig:13)
  An orange crystal statue (Vaults:1)
  2 spectral hydras (Swamp:4)
  4 putrid demonspawn (Pan)
  4 shadow demons (Pan)
  10 naga ritualists
  24 orc knights
  13 ironbrand convokers
  26 anubis guards
  A golden dragon skeleton (Crypt:3)
  4 hill giants
  A giant orange brain (shapeshifter) (Zig:6)
  12 mana vipers
  A harpy (shapeshifter) (Vaults:4)
  22 deep elf archers
  9 shambling mangroves
  An iron dragon zombie (Dis:6)
  2 shadow dragon zombies
  A hill giant (shapeshifter) (D:15)
  A lindwurm (shapeshifter) (Zig:13)
  51 large abominations
  3 torturous demonspawn (Pan)
  30 phantasmal warriors
  2 fire giant zombies
  9 necromancers
  15 salamanders
  An orb spider (Zig:7)
  13 wizards
  91 deep elf magi
  A cyclops (shapeshifter) (Vaults:5)
  A salamander (shapeshifter) (Elf:2)
  7 orc sorcerers
  3 sphinx zombies
  8 cyclopes
  54 ugly things
  2 griffons
  8 shining eyes
  2 manticores
  36 sixfirhies
  3 hornets
  2 wolf spiders (Vaults:2)
  2 worldbinders
  Maurice (D:9)
  A shadow dragon skeleton (Pan)
  18 rust devils
  A stone giant skeleton (Vaults:2)
  A hell hog skeleton (Crypt:2)
  2 frost giant zombies
  5 guardian serpents
  A shock serpent zombie (Crypt:3)
  23 naga magi
  8 elephants
  15 moths of wrath
  41 smoke demons
  46 black mambas
  2 fire giant skeletons
  3 torpor snails
  5 ice statues
  2 eyes of devastation
  A titan simulacrum (Vaults:4)
  2 frost giant skeletons
  42 spiny frogs
  Psyche (D:8)
  2 gargoyles (Zig:4)
  A water nymph (Zig:3)
  A mottled draconian zombie (Crypt:1)
  An apocalypse crab (Zig:6)
  14 vault sentinels
  A catoblepas zombie (Tomb:2)
  25 orange demons
  2 swamp worm zombies (Swamp:4)
  6 hellions
  A rime drake (Lair:7)
  A spriggan zombie (Hell)
  A yellow draconian zombie (Crypt:1)
  A kobold demonologist (Orc:1)
  A shock serpent skeleton (Pan)
  A rime drake (shapeshifter) (Vaults:5)
  2 elf zombies (Zig:12)
  9 efreet
  21 freezing wraiths
  A komodo dragon (shapeshifter) (Elf:2)
  12 demonic crawlers
  15 komodo dragons
  55 yaktaurs
  An anaconda simulacrum (Hell)
  5 catoblepas skeletons
  21 tormentors
  21 hellwings
  7 hydra zombies
  6 tengu conjurers
  10 ancient zymes
  37 guardian mummies
  18 ice devils
  A yaktaur skeleton (Vaults:2)
  31 red devils
  A queen bee (Lair:1)
  2 harpy zombies
  3 entropy weaver zombies (Hell)
  A mottled draconian skeleton (Crypt:2)
  3 jumping spiders
  4 merfolk (Zig:3)
  8 trolls
  17 polar bears
  11 giant leeches
  3 hydra skeletons
  A deep troll zombie (Hell)
  2 spectral swamp dragons (Swamp:4)
  2 shadow dragon simulacra
  19 ushabtiu
  7 boulder beetles
  2 hornet zombies
  7 raiju
  An alligator zombie (Swamp:4)
  12 bog bodies
  2 harpy skeletons
  26 two-headed ogres
  40 blink frogs
  2 iron dragon simulacra
  An alligator skeleton (Hell)
  2 fire giant simulacra
  A boulder beetle (shapeshifter) (Zig:13)
  4 fire dragon zombies
  A snapping turtle (Zig:3)
  2 ettin skeletons
  144 slime creatures
  52 flying skulls
  A frost giant simulacrum (Crypt:3)
  A fire dragon skeleton (Tomb:1)
  2 black mamba zombies (Crypt:3)
  A redback (shapeshifter) (Zig:3)
  A stone giant simulacrum (Vaults:4)
  2 spriggans (shapeshifter)
  8 shadows
  7 wyverns
  16 wraiths
  27 ynoxinuls
  8 air elementals
  8 spriggans
  3 tarantellas
  7 water elementals
  An ice dragon skeleton (Pan)
  10 redbacks
  21 fire elementals
  A hog (shapeshifter) (Vaults:3)
  71 yaks
  A steam dragon (Lair:8)
  5 basilisks
  11 hippogriffs
  20 vampire mosquitoes
  A golden eye (shapeshifter) (Vaults:5)
  18 golden eyes
  3 hungry ghosts
  A yaktaur simulacrum (Vaults:2)
  2 wind drake skeletons
  29 chaos spawn
  A human (shapeshifter) (Vaults:1)
  20 swamp worms
  24 neqoxecs
  4 mottled dragons
  9 wargs
  A soldier ant (shapeshifter) (Vaults:5)
  A swamp worm (shapeshifter) (Vaults:2)
  21 water moccasins
  26 hell hounds
  24 insubstantial wisps
  45 nagas
  16 porcupines
  3 spiny frog zombies
  Duvessa (D:5)
  A spiny frog skeleton (Hell)
  2 giant eyeballs (shapeshifter)
  76 orc warriors
  14 swamp drakes
  2 swamp dragon zombies (Swamp:4)
  An ettin simulacrum (Abyss:5)
  2 sky beasts
  A manticore zombie (Crypt:3)
  51 ogres
  An eye of draining (shapeshifter) (Vaults:3)
  28 wasps
  7 ice beasts
  8 phantoms
  A black bear (shapeshifter) (Elf:1)
  28 starcursed masses
  5 necrophages
  15 boggarts
  8 eyes of draining
  8 human skeletons
  33 wolves
  24 centaurs
  2 elf skeletons (Vaults:2)
  16 big kobolds
  22 crocodiles
  36 giant frogs
  A glowing shapeshifter simulacrum (Vaults:2)
  5 earth elementals
  An ogre simulacrum (Vaults:1)
  18 small abominations
  Dowan (D:5)
  5 scorpions
  A queen bee zombie (Crypt:2)
  23 killer bees
  A manticore simulacrum (Crypt:1)
  A yak skeleton (Crypt:2)
  26 wights
  11 electric eels
  6 crimson imps
  3 quasits
  A two-headed ogre zombie (Crypt:1)
  4 centaur zombies
  A giant frog zombie (D:7)
  38 jellies
  4 hounds
  A human simulacrum (Vaults:1)
  3 giant frog skeletons
  A hound (shapeshifter) (Depths:2)
  2 human zombies (Crypt:3)
  34 orc priests
  7 iron imps
  32 orc wizards
  6 centaur skeletons
  Ijyb (D:3)
  12 iguanas
  3 spectral swamp drakes (Swamp:4)
  4 hell rats (Hell)
  13 worker ants
  A lightning spire (Zig:10)
  16 sheep
  A crocodile zombie (Crypt:1)
  2 hound zombies
  2 naga skeletons
  5 hound skeletons
  49 mummies
  A worker ant zombie (D:5)
  11 adders
  A swamp drake zombie (Swamp:4)
  29 river rats
  2 shadow imps
  19 white imps
  An ufetubus (Abyss:3)
  An ooze (D:4)
  A worm (D:4)
  A worm (shapeshifter) (Vaults:5)
  6 ball lightnings (Pan)
  5 dart slugs
  9 giant geckos
  159 orcs
  A bat skeleton (Crypt:3)
  6 giant cockroaches
  5 goblins
  9 hobgoblins
  6 jackals
  26 kobolds
  4 quokkas
  A ball python skeleton (Crypt:2)
  10 bats
  2 giant cockroach zombies (D:5)
  3 giant newts
  A giant newt skeleton (Crypt:1)
  A jackal skeleton (D:6)
  A jackal zombie (Crypt:3)
  An orc skeleton (Pan)
  6 rats
  3 briar patches (Swamp:3)
  6 crawling corpses
  2 fungi
  5 lost souls
  4 plants
  11 spectral weapons
  5 starspawn tentacles
  A tentacle (Hell)
  2 withered plants (Crypt:3)
4683 creatures vanquished.

Vanquished Creatures (collateral kills)
  Cerebov (Pan)
  A greater mummy (Zig:14)
  An acid blob (Slime:6)
  Frances (Snake:1)
  A thorn hunter (Zig:9)
  A cacodemon (Abyss:5)
  A balrug (Pan)
  A very ugly thing (Depths:5)
  A hydra (Zig:11)
  A spark wasp zombie (Zig:12)
  2 apocalypse crabs
  A spiny frog (Zig:5)
  A hellion (Zig:12)
  A giant leech (Zig:9)
  An ushabti (Tomb:3)
  An air elemental (Depths:5)
  A golden eye (Pan)
  An ice beast (Zig:12)
  2 wasps (Zig:9)
  A jelly (Slime:6)
  A mummy (Zig:14)
  A starspawn tentacle (Zig:10)
24 creatures vanquished.

Vanquished Creatures (others)
  An eldritch tentacle (Pan)
  2 revenants (Tomb:2)
  A storm dragon (Zot:1)
  A blood saint (Pan)
  A draconian knight (Zot:4)
  A deep elf elementalist (Elf:1)
  2 bennus (Tomb:2)
  A yaktaur captain (Vaults:5)
  A hydra (Zig:6)
  An ice dragon (Depths:5)
  An ogre mage (Depths:1)
  2 centaur warriors
  2 alligators (Zig:11)
  4 naga sharpshooters
  2 deep elf knights
  A soul eater (Pan)
  A flayed ghost (Zig:10)
  3 death scarabs (Tomb:2)
  A shambling mangrove (Zig:6)
  A phantasmal warrior (Vaults:5)
  An anubis guard (Tomb:2)
  A deep elf archer (Elf:1)
  2 deep elf magi
  A sixfirhy (Pan)
  A moth of wrath (Zot:4)
  5 yaktaurs
  A spark wasp simulacrum (Depths:2)
  3 hellwings (Pan)
  2 guardian mummies (Tomb:2)
  3 polar bears (IceCv)
  4 two-headed ogres (Depths:1)
  A giant leech (Zig:6)
  A blink frog (Swamp:4)
  A flying skull (Tomb:3)
  A spriggan (Swamp:4)
  A chaos spawn (Pan)
  9 insubstantial wisps
  A swamp worm (Swamp:4)
  A swamp drake (Swamp:4)
  2 ogres (Depths:1)
  4 wasps
  2 wolves (IceCv)
  2 centaurs
  4 mummies (Tomb:2)
  7 ball lightnings (Pan)
  An orc (Vaults:3)
  2 kobolds (D:8)
  A briar patch (Swamp:3)
  35 eldritch tentacle segments (Pan)
  171 fire vortices
  8 fungi
  12 lost souls
  2 lurking horrors (Abyss:4)
  13 plants
  165 spectral weapons
  15 starspawn tentacles
  76 starspawn tentacle segments
  8 tentacles (Hell)
  157 tentacle segments (Hell)
  12 toadstools (Swamp:1)
  23 withered plants (Crypt:3)
792 creatures vanquished.

Grand Total: 5499 creatures vanquished

Notes
Turn   | Place    | Note
--------------------------------------------------------------
     0 | D:1      | FitzyFitz the Draconian Skald began the quest for the Orb.
     0 | D:1      | Reached XP level 1. HP: 17/17 MP: 3/3
   263 | D:1      | Reached XP level 2. HP: 20/24 MP: 0/5
  1083 | D:1      | Reached XP level 3. HP: 29/29 MP: 6/6
  1342 | D:1      | Learned a level 2 spell: Song of Slaying
  1345 | D:1      | Learned a level 2 spell: Shroud of Golubria
  1494 | D:2      | Found an oddly glowing altar of Pakellas.
  2058 | D:2      | Reached XP level 4. HP: 36/36 MP: 2/7
  2321 | D:3      | Noticed Ijyb
  2335 | D:3      | Killed Ijyb
  2479 | D:3      | Reached skill level 5 in Maces & Flails
  2653 | D:3      | Found a blossoming altar of Fedhas.
  2742 | D:3      | Reached XP level 5. HP: 41/41 MP: 5/8
  3068 | D:3      | Learned a level 3 spell: Regeneration
  3431 | D:4      | Found a burning altar of Makhleb.
  3616 | D:4      | Noticed an ogre
  3622 | D:4      | Killed an ogre
  3622 | D:4      | Reached skill level 3 in Fighting
  3622 | D:4      | Reached XP level 6. HP: 51/51 MP: 9/9
  3628 | D:4      | Found an opulent altar of Gozag.
  4257 | D:5      | Entered Level 5 of the Dungeon
  4313 | D:4      | Reached skill level 4 in Fighting
  4355 | D:5      | Found an iron altar of Okawaru.
  4446 | D:5      | Your scales start taking on a dull iron-grey colour.
  4446 | D:5      | Reached XP level 7. HP: 37/59 MP: 10/10
  4446 | D:5      | Gained mutation: You can survive without breathing. [Grey Draconian growth]
  4828 | D:5      | Noticed Dowan
  4838 | D:5      | Reached skill level 5 in Fighting
  4862 | D:5      | Noticed Duvessa
  4884 | D:5      | Killed Duvessa
  4891 | D:5      | Killed Dowan
  4968 | D:5      | Reached skill level 6 in Fighting
  4968 | D:5      | Reached XP level 8. HP: 70/70 MP: 1/11
  5105 | D:5      | Reached skill level 1 in Shields
  5517 | D:6      | Found a staircase to the Ecumenical Temple.
  5523 | Temple   | Entered the Ecumenical Temple
  5555 | Temple   | Became a worshipper of Ashenzari the Shackled
  5748 | D:6      | Identified the Reference Book on Unstable Displacement
  5958 | D:6      | Reached skill level 7 in Fighting
  6180 | D:6      | Reached XP level 9. HP: 79/79 MP: 9/12
  6400 | D:7      | Reached skill level 5 in Charms
  6466 | D:7      | Noticed pestonoire's ghost (novice TrHu)
  6698 | D:8      | Reached skill level 1 in Translocations
  6816 | D:8      | Reached skill level 1 in Necromancy
  6818 | D:8      | Reached * piety under Ashenzari
  6883 | D:7      | Found Azea's Distillery.
  6895 | D:7      | Bought a potion of mutation for 27 gold pieces
  6897 | D:7      | Gained mutation: You occasionally shout uncontrollably at your foes. [potion of mutation]
  6898 | D:7      | Lost mutation: You occasionally shout uncontrollably at your foes. [potion of cure mutation]
  6901 | D:7      | Bought a potion of might for 44 gold pieces
  6901 | D:7      | Bought a potion of brilliance for 44 gold pieces
  6901 | D:7      | Bought a potion of heal wounds for 55 gold pieces
  6901 | D:7      | Bought a potion of heal wounds for 55 gold pieces
  6901 | D:7      | Bought a potion of heal wounds for 55 gold pieces
  6960 | D:7      | Learned a level 3 spell: Spectral Weapon
  7556 | D:8      | Noticed Psyche
  7557 | D:8      | Noticed Erica
  7677 | D:8      | Killed Psyche
  7705 | D:8      | Noticed a tengu warrior
  7794 | D:8      | Noticed a tengu warrior
  7809 | D:8      | Killed a tengu warrior
  7809 | D:8      | Reached XP level 10. HP: 66/86 MP: 5/13
  7825 | D:8      | Killed a tengu warrior
  8207 | D:8      | Reached skill level 8 in Fighting
  8361 | D:8      | Killed Erica
  8716 | D:9      | Reached skill level 9 in Fighting
  8810 | D:9      | Found a staircase to the Lair.
  8818 | Lair:1   | Entered Level 1 of the Lair of Beasts
  8848 | Lair:1   | Learned a level 3 spell: Conjure Flame
  8872 | Lair:1   | Noticed a black mamba
  8952 | D:9      | Reached skill level 1 in Conjurations
  8952 | D:9      | Reached skill level 1 in Fire Magic
  9254 | D:9      | Got the uncursed pair of gloves "Fuleismuene" {rElec rC+ MR- Slay+3}
  9260 | D:9      | Identified the +0 pair of gloves "Fuleismuene" {rElec rC+ MR- Slay+3} (You found it on level 9 of the Dungeon)
  9333 | D:9      | Reached ** piety under Ashenzari
  9819 | D:9      | Noticed Maurice
  9912 | D:9      | Noticed jasper's ghost (novice MfAK)
 10046 | D:9      | Found Qemu's Book Shop.
 10208 | D:9      | Killed jasper's ghost
 10208 | D:9      | Reached skill level 5 in Spellcasting
 10208 | D:9      | Reached XP level 11. HP: 67/97 MP: 3/18
 10763 | Lair:1   | Reached skill level 1 in Stealth
 11528 | Lair:1   | Identified the Almanac of Protection and Conjuration
 11942 | Lair:2   | Reached skill level 5 in Dodging
 12021 | Lair:2   | Upgraded the game from 0.18-a0-1773-gec4f98e to 0.18-a0-1778-gadce9fa
 12278 | Lair:2   | Reached *** piety under Ashenzari
 12326 | Lair:2   | Reached skill level 10 in Maces & Flails
 12488 | Lair:2   | Reached XP level 12. HP: 70/104 MP: 16/20
 13117 | Lair:1   | Learned a level 2 spell: Repel Missiles
 13165 | Lair:3   | Found a dark tunnel.
 13180 | Volcano  | Entered a volcano
 13207 | Volcano  | Reached skill level 1 in Air Magic
 13244 | Volcano  | Noticed a mottled draconian
 13267 | Volcano  | Killed a mottled draconian
 13584 | Lair:3   | Noticed Wolfechu's ghost (journeyman HOCK)
 13585 | Lair:3   | Noticed an ice dragon
 14542 | Lair:4   | Noticed a death yak
 14544 | Lair:4   | Noticed a death yak
 14544 | Lair:4   | Noticed a death yak
 14545 | Lair:4   | Noticed a death yak
 14546 | Lair:4   | Noticed a death yak
 14549 | Lair:4   | Noticed a death yak
 14639 | Lair:4   | Killed a death yak
 14643 | Lair:4   | Killed a death yak
 14644 | Lair:4   | Killed a death yak
 14644 | Lair:4   | Reached XP level 13. HP: 85/111 MP: 15/21
 15242 | Lair:5   | Reached **** piety under Ashenzari
 15314 | Lair:5   | Found a staircase to the Swamp.
 15327 | Lair:5   | Reached skill level 10 in Fighting
 15498 | Lair:5   | Noticed sorlin's ghost (journeyman DgTm)
 15510 | Lair:5   | Killed sorlin's ghost
 15893 | Lair:6   | Found a frozen archway.
 15900 | Lair:6   | Reached skill level 11 in Fighting
 15927 | IceCv    | Entered an ice cave
 16004 | IceCv    | Learned a level 6 spell: Bolt of Fire
 16048 | IceCv    | Identified the cursed +3 falchion "Ydwejux" {slice, rF+ MR+ Int+2 Stlth-}
 16272 | IceCv    | Reached skill level 12 in Fighting
 16600 | IceCv    | Noticed a frost giant
 16973 | IceCv    | Killed a frost giant
 17122 | Lair:6   | Reached skill level 13 in Fighting
 17311 | Lair:6   | Reached XP level 14. HP: 121/129 MP: 19/22
 17368 | Lair:6   | Found a staircase to the Snake Pit.
 17927 | Lair:7   | Found a staircase to the Slime Pits.
 17927 | Lair:7   | Found a viscous altar of Jiyva.
 18319 | Lair:7   | Reached ***** piety under Ashenzari
 18788 | Lair:1   | Learned a level 2 spell: Swiftness
 18791 | Lair:1   | Learned a level 2 spell: Passwall
 19221 | Lair:3   | Killed Wolfechu's ghost
 19430 | Lair:3   | Reached skill level 14 in Fighting
 19581 | Lair:8   | Entered Level 8 of the Lair of Beasts
 20439 | Lair:8   | Identified the ring "Mewnaceo" {MR+ Stlth+}
 20455 | Lair:8   | Identified Aridaeqe's Grimoire of the Burning Birds
 20464 | Lair:8   | Reached skill level 10 in Dodging
 20646 | Lair:8   | Reached skill level 15 in Fighting
 20737 | Lair:8   | Found a sacrificial altar of Ru.
 21031 | Lair:8   | Reached skill level 5 in Stealth
 21533 | D:9      | Found a staircase to the Orcish Mines.
 21547 | D:9      | Killed Maurice
 21858 | Orc:1    | Entered Level 1 of the Orcish Mines
 21985 | Orc:1    | Noticed Maud
 22021 | Orc:1    | Killed Maud
 22021 | Orc:1    | Reached XP level 15. HP: 53/141 MP: 16/24
 22155 | Orc:1    | Noticed an orc warlord
 22201 | Orc:1    | Killed an orc warlord
 22410 | Orc:2    | Entered Level 2 of the Orcish Mines
 22632 | Orc:2    | Noticed an orc warlord
 23006 | Orc:2    | Found a staircase to the Elven Halls.
 23394 | Orc:2    | Paralysed by an orc sorcerer for 4 turns
 23447 | Orc:2    | Killed an orc warlord
 24383 | Orc:2    | Found Boquroc's Distillery.
 24383 | Orc:2    | Found Ditumpi's Magic Scroll Boutique.
 24384 | Orc:2    | Found Ydific's Gadget Shop.
 24384 | Orc:2    | Found Xoqoej's Magic Scroll Boutique.
 24407 | Orc:2    | Bought a scroll of fog for 30 gold pieces
 24407 | Orc:2    | Bought a scroll of fear for 52 gold pieces
 24407 | Orc:2    | Bought a scroll of blinking for 112 gold pieces
 24407 | Orc:2    | Bought a scroll of remove curse for 45 gold pieces
 24409 | Orc:2    | Bought a scroll of fear for 49 gold pieces
 24413 | Orc:2    | Bought a potion of beneficial mutation for 595 gold pieces
 24414 | Orc:2    | Gained mutation: You possess an exceptional clarity of mind. [potion of beneficial mutation]
 24615 | D:10     | Entered Level 10 of the Dungeon
 24615 | D:10     | Noticed Urug
 24625 | D:10     | Killed Urug
 24783 | D:10     | Noticed vortex's ghost (novice DEWz)
 24796 | D:10     | Killed vortex's ghost
 24828 | D:10     | Noticed Erolcha
 24853 | D:10     | Killed Erolcha
 24853 | D:10     | Reached skill level 16 in Fighting
 24927 | D:10     | Noticed Sonja
 25129 | D:10     | Killed Sonja
 25294 | D:11     | Noticed Fannar
 25307 | D:11     | Killed Fannar
 25431 | D:11     | Noticed Snorg
 25442 | D:11     | Killed Snorg
 26612 | D:12     | Noticed Azrael
 26621 | D:12     | Killed Azrael
 27493 | D:13     | Reached XP level 16. HP: 149/152 MP: 29/29
 27540 | D:13     | Found a gate to the Vaults.
 28127 | Swamp:1  | Entered Level 1 of the Swamp
 28251 | Swamp:1  | Reached skill level 17 in Fighting
 28435 | Swamp:1  | Noticed a thorn hunter
 28475 | Swamp:1  | Killed a thorn hunter
 28517 | Swamp:1  | Noticed Donald
 28552 | Swamp:1  | Killed Donald
 28730 | Swamp:1  | Reached skill level 5 in Shields
 29175 | Swamp:2  | Reached ****** piety under Ashenzari
 29392 | Swamp:2  | Learned a level 1 spell: Apportation
 29395 | Swamp:2  | Learned a level 2 spell: Blink
 29441 | Swamp:2  | Learned a level 3 spell: Mephitic Cloud
 31034 | Swamp:3  | Noticed a thorn hunter
 31453 | Swamp:4  | Entered Level 4 of the Swamp
 31703 | Swamp:4  | Noticed a thorn hunter
 31715 | Swamp:4  | Killed a thorn hunter
 31715 | Swamp:4  | Reached skill level 10 in Shields
 32401 | Swamp:4  | Reached XP level 17. HP: 148/161 MP: 30/30
 32554 | Swamp:4  | Noticed a bone dragon
 32586 | Swamp:4  | Killed a bone dragon
 32610 | Swamp:4  | Got a decaying rune of Zot
 32844 | Lair:1   | Learned a level 3 spell: Ignite Poison
 33159 | D:14     | Reached skill level 1 in Poison Magic
 33239 | D:14     | Reached skill level 1 in Transmutations
 33952 | D:15     | Entered Level 15 of the Dungeon
 34240 | D:15     | Found a staircase to the Depths.
 34332 | D:15     | Found a shimmering altar of Xom.
 34578 | D:15     | Reached skill level 5 in Fire Magic
 35005 | Lair:1   | Learned a level 5 spell: Fireball
 35017 | Lair:1   | Learned a level 7 spell: Delayed Fireball
 35125 | Snake:1  | Entered Level 1 of the Snake Pit
 35125 | Snake:1  | Noticed Frances
 35316 | Snake:1  | Reached skill level 1 in Earth Magic
 35523 | Snake:1  | Noticed Aizul
 35594 | Snake:1  | Killed Frances
 36326 | Snake:1  | Killed Aizul
 37707 | Snake:2  | Noticed Louise
 37743 | Snake:2  | Killed Louise
 37743 | Snake:2  | Reached skill level 5 in Conjurations
 37875 | Snake:2  | Reached XP level 18. HP: 170/170 MP: 28/31
 37953 | Snake:2  | Learned a level 1 spell: Summon Butterflies
 38490 | Snake:3  | Upgraded the game from 0.18-a0-1778-gadce9fa to 0.18-a0-1782-gb76a692
 39689 | Snake:4  | Entered Level 4 of the Snake Pit
 40032 | Snake:4  | Noticed Wiglaf
 40047 | Snake:4  | Killed Wiglaf
 40239 | Snake:4  | Noticed Agnes
 40248 | Snake:4  | Killed Agnes
 40807 | Snake:4  | Reached skill level 10 in Fire Magic
 41360 | Snake:4  | Got a serpentine rune of Zot
 42401 | Vaults:1 | Entered Level 1 of the Vaults
 42512 | Vaults:1 | Found a gateway to a bazaar.
 42516 | Bazaar   | Entered a bazaar
 42517 | Bazaar   | Found Reyxzy's Distillery.
 42517 | Bazaar   | Found Acaenoc's Book Boutique.
 42518 | Bazaar   | Found Pochoos's Magic Scroll Emporium.
 42549 | Bazaar   | Found Vogaohot's Antique Weapon Emporium.
 42580 | Bazaar   | Bought a scroll of acquirement for 520 gold pieces
 42595 | Bazaar   | Bought a book of Annihilations for 772 gold pieces
 42595 | Bazaar   | Bought a book of Enchantments for 350 gold pieces
 42611 | Bazaar   | Bought a scroll of remove curse for 30 gold pieces
 42611 | Bazaar   | Bought a scroll of enchant weapon for 75 gold pieces
 42611 | Bazaar   | Bought a scroll of teleportation for 30 gold pieces
 42611 | Bazaar   | Bought a scroll of enchant weapon for 75 gold pieces
 42611 | Bazaar   | Bought a scroll of remove curse for 30 gold pieces
 42622 | Bazaar   | Bought a potion of heal wounds for 55 gold pieces
 42622 | Bazaar   | Bought a potion of curing for 33 gold pieces
 42622 | Bazaar   | Bought a potion of heal wounds for 55 gold pieces
 42622 | Bazaar   | Bought a potion of resistance for 110 gold pieces
 42651 | Vaults:1 | Noticed Jorgrun
 42658 | Vaults:1 | Killed Jorgrun
 42658 | Vaults:1 | Reached XP level 19. HP: 161/177 MP: 28/32
 43193 | Vaults:1 | Learned a level 6 spell: Haste
 43670 | Vaults:1 | Found Hapovvim's Antique Armour Shoppe.
 43697 | Vaults:1 | Bought a pair of runed gloves for 121 gold pieces
 43754 | Vaults:1 | Found Oceruibue's Assorted Antiques.
 43803 | Vaults:1 | Reached skill level 10 in Spellcasting
 44601 | Vaults:2 | Reached skill level 10 in Charms
 44960 | Vaults:2 | Reached skill level 5 in Air Magic
 45385 | Vaults:2 | Found a staircase to the Crypt.
 45626 | Vaults:2 | Found Vanohuw's Food Shop.
 46118 | Vaults:2 | Identified the cursed +3 shortbow of Dageriz {speed, Str+4 Int+8}
 46584 | Vaults:3 | Noticed Norris
 46602 | Vaults:3 | Killed Norris
 46602 | Vaults:3 | Reached XP level 20. HP: 185/187 MP: 23/34
 47576 | Vaults:3 | Found Vitih's Book Shoppe.
 48162 | Vaults:4 | Noticed SJWn's ghost (veteran KoWn)
 48192 | Vaults:4 | Killed SJWn's ghost
 48342 | Vaults:4 | Reached skill level 18 in Fighting
 48958 | Vaults:4 | Paralysed by a lich for 5 turns
 49236 | Vaults:4 | Reached skill level 19 in Fighting
 49325 | Vaults:4 | Found Yqohygisor's Gadget Boutique.
 49898 | Lair:1   | Learned a level 6 spell: Deflect Missiles
 50070 | Elf:1    | Entered Level 1 of the Elven Halls
 50154 | Elf:1    | Reached skill level 10 in Conjurations
 51418 | Elf:2    | Reached XP level 21. HP: 198/198 MP: 35/35
 51729 | Elf:2    | Found a runed gate.
 51729 | Elf:2    | Found a runed gate.
 51730 | Elf:2    | Found a runed gate.
 53004 | Elf:3    | Entered Level 3 of the Elven Halls
 54306 | Elf:3    | Cast into level 2 of the Abyss (a deep elf sorcerer)
 54321 | Abyss:3  | Found a corrupted altar of Lugonu.
 54583 | Abyss:3  | Got an abyssal rune of Zot
 54932 | Elf:3    | Escaped the Abyss
 54946 | Elf:3    | Reached skill level 10 in Stealth
 55127 | Elf:3    | Identified the amulet of Histelir {+Blink Regen+} (You took it off a deep elf mage on level 3 of the Elven Halls)
 55253 | Elf:3    | Identified the +1 hand crossbow of Siul {freeze, Fragile Int+3}
 55311 | Elf:3    | Identified the ring of Xelona {rF+ Stlth+} (You took it off a deep elf annihilator on level 3 of the Elven Halls)
 55334 | Elf:3    | Identified the +5 glaive of the Morning {chop, rPois rN+ Dex-4}
 55334 | Elf:3    | Identified the +10 hunting sling "Death Rattle" {velocity, rPois Int+3}
 55720 | Elf:3    | Identified Ataqomat's Guide on Cankerous Transmutation
 55748 | Elf:3    | Identified a +2 rod of shadows (13/13) (You found it on level 3 of the Elven Halls)
 56092 | Orc:2    | Bought a scroll of remove curse for 42 gold pieces
 56092 | Orc:2    | Bought a scroll of remove curse for 42 gold pieces
 56096 | Orc:2    | Bought a scroll of amnesia for 52 gold pieces
 56103 | Orc:2    | Bought a potion of might for 68 gold pieces
 56103 | Orc:2    | Bought a potion of cancellation for 136 gold pieces
 56103 | Orc:2    | Bought a potion of agility for 68 gold pieces
 56549 | D:15     | Reached skill level 1 in Axes
 56603 | Depths:1 | Entered Level 1 of the Depths
 56785 | Depths:1 | Reached XP level 22. HP: 185/206 MP: 34/36
 56786 | Depths:1 | Reached skill level 5 in Axes
 56911 | Depths:1 | Found a gateway to Hell.
 57505 | Depths:1 | Reached skill level 10 in Axes
 57710 | Depths:2 | Reduced skill Maces & Flails to level 10
 58002 | Depths:2 | Found a blossoming altar of Fedhas.
 58341 | Depths:2 | Found an oddly glowing altar of Pakellas.
 58650 | Depths:2 | Found a snail-covered altar of Cheibriados.
 58652 | Depths:2 | Found a one-way gate leading to the halls of Pandemonium.
 58721 | Depths:2 | Noticed a caustic shrike
 58721 | Depths:2 | Noticed a caustic shrike
 58723 | Depths:2 | Noticed a caustic shrike
 58723 | Depths:2 | Noticed a caustic shrike
 58723 | Depths:2 | Noticed a caustic shrike
 59396 | Depths:1 | Killed a caustic shrike
 60305 | Vaults:5 | Entered Level 5 of the Vaults
 60310 | Vaults:5 | Noticed a golden dragon
 60795 | Vaults:4 | Reached XP level 23. HP: 213/213 MP: 20/37
 61261 | Vaults:5 | Reached skill level 15 in Fire Magic
 61745 | Vaults:5 | Identified the +9 short sword of Valuable Assets {pierce, Dex+5} (You took it off a yaktaur captain on level 5 of the Vaults)
 62276 | Vaults:5 | Reached skill level 15 in Conjurations
 62730 | Vaults:5 | Identified the cursed +2 hand axe of Summer {chop, -Tele rC+ rN+}
 62979 | Vaults:5 | Identified the +0 pair of boots of Crawling {rElec rCorr Int-5}
 62985 | Vaults:5 | Identified the +0 pair of boots of Pandemonium {rElec rPois MR- SInv}
 63008 | Vaults:5 | Identified a +4 rod of clouds (10/13) (You took it off an orc on level 5 of the Vaults)
 63513 | Vaults:5 | Identified Wiwi's Disquisition on Spatial Air
 63597 | Vaults:5 | Got a silver rune of Zot
 64071 | Lair:1   | Gained mutation: You have a pair of small horns on your head. [potion of beneficial mutation]
 64377 | Depths:1 | Killed a caustic shrike
 64521 | Depths:2 | Reduced skill Maces & Flails to level 5
 64600 | Depths:2 | Killed a caustic shrike
 64630 | Depths:2 | Found a basalt altar of Yredelemnul.
 64663 | Depths:2 | Found a one-way gate to the infinite horrors of the Abyss.
 64724 | Depths:2 | Killed a caustic shrike
 64734 | Depths:2 | Reached XP level 24. HP: 188/221 MP: 18/38
 65058 | Depths:2 | Identified the cursed +0 hand axe of Siajaox {venom, -Tele rC+ Str+6 Stlth+}
 67268 | Depths:4 | Learned a level 9 spell: Fire Storm
 68054 | Depths:5 | Entered Level 5 of the Depths
 68071 | Depths:5 | Noticed a juggernaut
 68184 | Depths:5 | Killed a juggernaut
 68306 | Depths:5 | Found a gateway to a ziggurat.
 68837 | Depths:5 | Reached XP level 25. HP: 228/228 MP: 30/38
 68886 | Depths:5 | Found a gate to the Realm of Zot.
 69569 | Crypt:1  | Entered Level 1 of the Crypt
 69835 | Crypt:1  | Reduced skill Maces & Flails to level 1
 71639 | Crypt:3  | Entered Level 3 of the Crypt
 71661 | Crypt:3  | Noticed Margery
 72603 | Crypt:3  | Killed Margery
 72637 | Crypt:3  | Noticed Boris
 72653 | Crypt:3  | Killed Boris
 72820 | Crypt:2  | Upgraded the game from 0.18-a0-1782-gb76a692 to 0.18-a0-1784-ga939a68
 73230 | Crypt:3  | Found a basalt altar of Yredelemnul.
 73398 | Crypt:3  | Reached XP level 26. HP: 236/236 MP: 38/38
 73423 | Crypt:3  | Identified the amulet "Miczuetos" {+Inv Regen+}
 73428 | Crypt:3  | Identified the ring "Romoka Ugo" {rPois rN+}
 73430 | Crypt:3  | Identified the ring "Veppaod" {rF+ rN+ MR+ Dex+3} (You found it on level 3 of the Crypt)
 73926 | Crypt:3  | Identified the +3 falchion "Ultimatum" {venom, rElec Int+3} (You took it off a skeletal warrior on level 3 of the Crypt)
 74176 | Crypt:3  | Found a staircase to the Tomb.
 74276 | Crypt:3  | Noticed an ancient lich
 74289 | Crypt:3  | Killed an ancient lich
 74827 | Slime:1  | Entered Level 1 of the Pits of Slime
 74894 | Slime:2  | Gained mutation: You are weak. (Str -2) [a shining eye]
 75451 | Slime:3  | Gained mutation: Your spells are a little easier to cast, but a little less powerful. [a shining eye]
 75722 | Slime:1  | Gained mutation: You tend to lose your temper in combat. [a shining eye]
 76592 | Slime:6  | Entered Level 6 of the Pits of Slime
 76603 | Slime:6  | Noticed Dissolution
 76634 | Slime:5  | Lost mutation: You have a pair of small horns on your head. [potion of cure mutation]
 76634 | Slime:5  | Lost mutation: You are weak. (Str -2) [potion of cure mutation]
 76634 | Slime:5  | Lost mutation: You tend to lose your temper in combat. [potion of cure mutation]
 76634 | Slime:5  | Lost mutation: Your spells are a little easier to cast, but a little less powerful. [potion of cure mutation]
 76634 | Slime:5  | Lost mutation: You possess an exceptional clarity of mind. [potion of cure mutation]
 77354 | Slime:6  | Killed Dissolution
 77378 | Slime:6  | Noticed the Royal Jelly
 77386 | Slime:6  | Killed the Royal Jelly
 77406 | Slime:6  | Identified the +4 short sword of Propriety {flame, MR++}
 77614 | Slime:4  | Reached XP level 27. HP: 244/244 MP: 36/38
 77928 | Slime:6  | Identified the Incunabulum of Gliding Moulding
 77932 | Slime:6  | Identified the Volume of Confrontation and the Mountains
 78011 | Slime:6  | Identified Sif Muna's Incunabulum of Stolen Souls and the Mountains
 78014 | Slime:6  | Got a slimy rune of Zot
 78570 | Hell     | Entered the Vestibule of Hell
 78570 | Hell     | Noticed Geryon
 78623 | Hell     | Killed Geryon
 78687 | Hell     | Noticed an ancient lich
 79076 | Depths:1 | Killed an ancient lich
 79443 | Hell     | Found a gateway to the Iron City of Dis.
 79609 | Hell     | Found a gateway to the ashen valley of Gehenna.
 79627 | Geh:1    | Entered Level 1 of Gehenna
 79708 | Hell     | Found a gateway to the decaying netherworld of Tartarus.
 79777 | Hell     | Found a gateway to the freezing wastes of Cocytus.
 80086 | Zot:1    | Entered Level 1 of the Realm of Zot
 80241 | Zot:1    | Noticed an orb of fire
 80257 | Zot:1    | Gained mutation: Scrolls take you a little longer to read. [an orb of fire]
 80262 | Zot:1    | Killed an orb of fire
 82789 | Zot:3    | Reached skill level 15 in Spellcasting
 84815 | Pan      | Entered Pandemonium
 84916 | Pan      | Found an exit through the horrors of the Abyss.
 84990 | Pan      | Took an exit into the Abyss.
 84990 | Abyss:1  | Escaped into the Abyss
 84990 | Abyss:1  | Found a corrupted altar of Lugonu.
 84998 | Depths:3 | Escaped the Abyss
 85158 | Pan      | Entered Pandemonium
 85168 | Pan      | Gained mutation: You tend to lose your temper in combat. [a cacodemon]
 85357 | Pan      | Found an exit through the horrors of the Abyss.
 86030 | Pan      | Noticed Onoli the pandemonium lord
 86095 | Pan      | Killed Onoli the pandemonium lord
 86227 | Pan      | Found an exit through the horrors of the Abyss.
 86267 | Pan      | Found an exit through the horrors of the Abyss.
 86450 | Pan      | Identified the cursed +0 pair of boots of Fifrierch {rN+ rCorr Slay+2} (You acquired it in Pandemonium)
 86582 | Pan      | Upgraded the game from 0.18-a0-1784-ga939a68 to 0.18-a0-1788-g92de1ac
 86647 | Pan      | Took an exit into the Abyss.
 86647 | Abyss:1  | Escaped into the Abyss
 86647 | Abyss:1  | Found a corrupted altar of Lugonu.
 86651 | Depths:2 | Escaped the Abyss
 86991 | Lair:1   | Lost mutation: You tend to lose your temper in combat. [potion of cure mutation]
 86991 | Lair:1   | Lost mutation: Scrolls take you a little longer to read. [potion of cure mutation]
 87043 | Lair:1   | Learned a level 7 spell: Ring of Flames
 87050 | Lair:1   | Learned a level 6 spell: Freezing Cloud
 87473 | Vaults:2 | Bought a beef jerky for 16 gold pieces
 87473 | Vaults:2 | Bought 5 fruits for 82 gold pieces
 87473 | Vaults:2 | Bought a meat ration for 55 gold pieces
 87473 | Vaults:2 | Bought a royal jelly for 22 gold pieces
 87473 | Vaults:2 | Bought a meat ration for 55 gold pieces
 87473 | Vaults:2 | Bought a slice of pizza for 16 gold pieces
 87473 | Vaults:2 | Bought a bread ration for 55 gold pieces
 87473 | Vaults:2 | Bought a bread ration for 55 gold pieces
 87473 | Vaults:2 | Bought a bread ration for 55 gold pieces
 87473 | Vaults:2 | Bought a bread ration for 55 gold pieces
 87473 | Vaults:2 | Bought a bread ration for 55 gold pieces
 87625 | Tomb:1   | Entered Level 1 of the Tomb of the Ancients
 88009 | Tomb:1   | Noticed lordive's ghost (legendary MiGl)
 88071 | Tomb:1   | Killed lordive's ghost
 88328 | Tomb:1   | Noticed a greater mummy
 88561 | Tomb:1   | Killed a greater mummy
 88957 | Tomb:2   | Noticed a greater mummy
 88957 | Tomb:2   | Noticed a greater mummy
 88959 | Tomb:2   | Noticed a greater mummy
 88959 | Tomb:2   | Noticed an ancient lich
 89102 | Tomb:1   | Killed a greater mummy
 89252 | Tomb:1   | Killed a greater mummy
 89389 | Tomb:1   | Killed a greater mummy
 89542 | Tomb:1   | Killed an ancient lich
 90177 | Tomb:1   | Noticed a greater mummy
 90178 | Tomb:1   | Noticed a greater mummy
 90347 | Tomb:1   | Killed a greater mummy
 90877 | Lair:1   | Learned a level 5 spell: Silence
 91364 | Tomb:1   | Noticed a greater mummy
 91381 | Tomb:1   | Killed a greater mummy
 91412 | Tomb:1   | Killed a greater mummy
 91427 | Tomb:1   | Noticed a greater mummy
 91481 | Tomb:1   | Killed a greater mummy
 91566 | Tomb:1   | Noticed a greater mummy
 91578 | Tomb:1   | Killed a greater mummy
 91685 | Tomb:1   | Noticed a greater mummy
 91699 | Tomb:1   | Killed a greater mummy
 91726 | Tomb:1   | Noticed a greater mummy
 91730 | Tomb:1   | Noticed a greater mummy
 91746 | Tomb:1   | Killed a greater mummy
 91754 | Tomb:1   | Killed a greater mummy
 91767 | Tomb:1   | Noticed a greater mummy
 91769 | Tomb:1   | Noticed a greater mummy
 91782 | Tomb:1   | Killed a greater mummy
 91793 | Tomb:1   | Killed a greater mummy
 91836 | Tomb:1   | Noticed a greater mummy
 92040 | Tomb:1   | Noticed a greater mummy
 92057 | Tomb:1   | Killed a greater mummy
 92063 | Tomb:1   | Noticed a greater mummy
 92064 | Tomb:1   | Noticed a greater mummy
 92083 | Tomb:1   | Noticed a greater mummy
 92085 | Tomb:1   | Killed a greater mummy
 92087 | Tomb:1   | Killed a greater mummy
 92185 | Tomb:1   | Noticed a greater mummy
 92198 | Tomb:1   | Killed a greater mummy
 92216 | Tomb:1   | Killed a greater mummy
 92228 | Tomb:1   | Killed a greater mummy
 92228 | Tomb:1   | Reached skill level 20 in Fighting
 92315 | Tomb:1   | Noticed a greater mummy
 92329 | Tomb:1   | Killed a greater mummy
 92340 | Tomb:1   | Noticed a greater mummy
 92350 | Tomb:1   | Killed a greater mummy
 92356 | Tomb:1   | Noticed a greater mummy
 92370 | Tomb:1   | Killed a greater mummy
 92874 | Tomb:3   | Entered Level 3 of the Tomb of the Ancients
 93036 | Tomb:3   | Noticed a greater mummy
 93182 | Tomb:3   | Noticed a greater mummy
 93185 | Tomb:3   | Killed a greater mummy
 93475 | Tomb:3   | Killed a greater mummy
 93646 | Tomb:3   | Noticed a greater mummy
 93828 | Tomb:3   | Killed a greater mummy
 93883 | Tomb:3   | Noticed an ancient lich
 93892 | Tomb:3   | Killed an ancient lich
 94292 | Tomb:3   | Identified the cursed +3 shortbow "Duoxe" {venom, Dex+4}
 94294 | Tomb:3   | Identified the +4 hand axe "Biesagh" {chop, *Rage +Inv rF+ Int-2 Dex+5}
 94296 | Tomb:3   | Identified the +1 great sword of Generosity {holy, rPois rF+ rN+ Dex-4}
 94298 | Tomb:3   | Identified the +12 falchion of the Fool {slice, rN+}
 94298 | Tomb:3   | Identified the cursed +1 flail "Tamacaff" {drain, rElec rF+ Str-5 Dex+4}
 94327 | Tomb:3   | Identified the Guide on the Compass and Intoxication
 94351 | Tomb:3   | Identified Sif Muna's Catalogue of Stones and Displacement
 94415 | Tomb:3   | Noticed a greater mummy
 94421 | Tomb:3   | Noticed an ancient lich
 94433 | Tomb:3   | Killed a greater mummy
 94441 | Tomb:3   | Killed an ancient lich
 94468 | Tomb:3   | Noticed a greater mummy
 94500 | Tomb:3   | Noticed a greater mummy
 94512 | Tomb:3   | Noticed a greater mummy
 94512 | Tomb:3   | Noticed a greater mummy
 94812 | Tomb:3   | Killed a greater mummy
 94848 | Tomb:3   | Killed a greater mummy
 94989 | Tomb:3   | Killed a greater mummy
 94989 | Tomb:3   | Reached skill level 15 in Dodging
 95170 | Tomb:3   | Got a golden rune of Zot
 95220 | Tomb:3   | Killed a greater mummy
 95989 | Lair:1   | Learned a level 8 spell: Death's Door
 96014 | Zig:1    | Entered Level 1 of a ziggurat
 96036 | Zig:2    | Entered Level 2 of a ziggurat
 96072 | Zig:3    | Entered Level 3 of a ziggurat
 96202 | Zig:4    | Entered Level 4 of a ziggurat
 96206 | Zig:4    | Identified the ring "Nuor" {Fire MR+++}
 96341 | Zig:5    | Entered Level 5 of a ziggurat
 96346 | Zig:5    | Identified the +6 large shield of Hangman {rC- Regen+ Stlth+}
 96433 | Zig:6    | Entered Level 6 of a ziggurat
 96525 | Zig:7    | Entered Level 7 of a ziggurat
 96533 | Zig:7    | Identified the ring of Wishful Thinking {rCorr MP+9 Int-3 Stlth+}
 96669 | Zig:8    | Entered Level 8 of a ziggurat
 96813 | Zig:9    | Entered Level 9 of a ziggurat
 96908 | Zig:10   | Entered Level 10 of a ziggurat
 96921 | Zig:10   | Identified the amulet of Ilon {rC+ Regen+ Int+2}
 96922 | Zig:10   | Identified the +2 pair of gloves of the Hidden Vale {rElec Str+2}
 96922 | Zig:10   | Identified the +7 hand crossbow of the Orcish Mines {velocity, rF+ rC+++ Str+3 Int-3}
 96922 | Zig:10   | Reached skill level 15 in Axes
 96932 | Zig:10   | Identified the cursed +2 spear of the Enemy {pierce, Dex+4}
 97009 | Zig:11   | Entered Level 11 of a ziggurat
 97020 | Zig:11   | Noticed Goze the pandemonium lord
 97023 | Zig:11   | Identified the +4 shortbow of Purpose {flame, rC- Str+2 Dex+2 Stlth+}
 97026 | Zig:12   | Entered Level 12 of a ziggurat
 97058 | Zig:12   | Noticed Asakhaaj the pandemonium lord
 97063 | Zig:12   | Identified the +6 flail "Dragonbane" {crush, MR+}
 97690 | Pan      | Entered Pandemonium
 97746 | Pan      | Identified the Incunabulum of Enthralling Necromancy
 97776 | Pan      | Found a white marble altar of Elyvilon.
 98198 | Pan      | Reached skill level 15 in Charms
 99214 | Pan      | Identified the +7 large shield of the Enchanted Forest {rN+} (You took it off a daeva in Pandemonium)
 99240 | Pan      | Found a glowing silver altar of Zin.
 99324 | Pan      | Reached skill level 5 in Necromancy
 99672 | Pan      | Identified the cursed +2 glaive of the Spinneret {pain, MP+9 Int+7 Dex-5}
 99673 | Pan      | Found a glowing golden altar of the Shining One.
 99673 | Pan      | Noticed a seraph
 99748 | Pan      | Killed a seraph
 99846 | Pan      | Identified Zar Jef's Catalogue of Bewitchment
 99857 | Pan      | Got a demonic rune of Zot
100057 | Pan      | Found an exit through the horrors of the Abyss.
100106 | Pan      | Gained mutation: You tend to lose your temper in combat. [a neqoxec]
100111 | Pan      | Gained mutation: Your tail ends in a poisonous barb. [a neqoxec]
100112 | Pan      | Entered the realm of Lom Lobon.
100113 | Pan      | Lost mutation: Your tail ends in a poisonous barb. [potion of cure mutation]
100113 | Pan      | Lost mutation: You tend to lose your temper in combat. [potion of cure mutation]
100206 | Pan      | Reached skill level 10 in Necromancy
100401 | Pan      | Found an exit through the horrors of the Abyss.
101116 | Pan      | Noticed Lom Lobon
101193 | Pan      | Killed Lom Lobon
101429 | Pan      | Got a magical rune of Zot
101651 | Pan      | Noticed Baliomn the pandemonium lord
101731 | Pan      | Killed Baliomn the pandemonium lord
102137 | Pan      | Noticed Mohunuos the pandemonium lord
102151 | Pan      | Killed Mohunuos the pandemonium lord
102218 | Depths:2 | Escaped Pandemonium
102222 | Pan      | Entered Pandemonium
102257 | Pan      | Gained mutation: Your body sometimes deteriorates upon taking damage. [a cacodemon]
102307 | Pan      | Identified the ring "Qaanos" {SustAt +Blink rC+}
102361 | Pan      | Found a huge runed gate.
102361 | Pan      | Found a huge runed gate.
102404 | Pan      | Found an exit through the horrors of the Abyss.
102445 | Pan      | Found a huge runed gate.
102447 | Pan      | Found a huge runed gate.
102451 | Pan      | Found a huge runed gate.
102451 | Pan      | Found a huge runed gate.
102452 | Pan      | Found a huge runed gate.
102452 | Pan      | Found a huge runed gate.
102452 | Pan      | Found a huge runed gate.
102452 | Pan      | Found a huge runed gate.
102452 | Pan      | Found a huge runed gate.
102452 | Pan      | Found a huge runed gate.
102453 | Pan      | Found a huge runed gate.
102453 | Pan      | Found a huge runed gate.
102453 | Pan      | Found a huge runed gate.
102453 | Pan      | Found a huge runed gate.
102453 | Pan      | Found a huge runed gate.
102454 | Pan      | Found a huge runed gate.
102454 | Pan      | Found a huge runed gate.
102456 | Pan      | Found a huge runed gate.
102456 | Pan      | Found a huge runed gate.
102464 | Pan      | Noticed Qehecuq the pandemonium lord
102492 | Pan      | Killed Qehecuq the pandemonium lord
102789 | Pan      | Identified the +11 blowgun "Laeppohe" {speed, Str-5 Dex+4 Stlth+}
102907 | Pan      | Noticed Pemex the pandemonium lord
102946 | Pan      | Lost mutation: Your body sometimes deteriorates upon taking damage. [potion of cure mutation]
103156 | Pan      | Upgraded the game from 0.18-a0-1788-g92de1ac to 0.18-a0-1792-g362e38b
103472 | Depths:2 | Escaped Pandemonium
103476 | Pan      | Entered the realm of Mnoleg.
103476 | Pan      | Entered Pandemonium
103512 | Pan      | Gained mutation: You are agile. (Dex +2) [a neqoxec]
103554 | Pan      | Found an exit through the horrors of the Abyss.
103577 | Pan      | Gained mutation: You are weak. (Str -2) [a cacodemon]
103588 | Pan      | Gained mutation: Your body sometimes deteriorates upon taking damage. [a neqoxec]
103716 | Pan      | Gained mutation: You expend magic power (3 MP) to strengthen your wands. [a cacodemon]
103886 | Pan      | Gained mutation: Your magical capacity is low (-10% MP). [a cacodemon]
103893 | Pan      | Gained mutation: Your natural rate of healing is unusually fast. [a cacodemon]
103985 | Pan      | Noticed Mnoleg
104088 | Pan      | Killed Mnoleg
104182 | Pan      | Gained mutation: You are dopey. (Int -2) [a cacodemon]
104339 | Pan      | Gained mutation: You are very dopey. (Int -4) [a cacodemon]
104362 | Pan      | Gained mutation: Scrolls take you a little longer to read. [a cacodemon]
104422 | Pan      | Got a glowing rune of Zot
104553 | Depths:2 | Escaped Pandemonium
104556 | Depths:2 | Lost mutation: You are very dopey. (Int -4) [potion of cure mutation]
104556 | Depths:2 | Lost mutation: You are weak. (Str -2) [potion of cure mutation]
104556 | Depths:2 | Lost mutation: Your body sometimes deteriorates upon taking damage. [potion of cure mutation]
104556 | Depths:2 | Lost mutation: Your magical capacity is low (-10% MP). [potion of cure mutation]
104556 | Depths:2 | Lost mutation: You expend magic power (3 MP) to strengthen your wands. [potion of cure mutation]
104567 | Pan      | Entered Pandemonium
104705 | Pan      | Entered the realm of Gloorx Vloq.
104752 | Pan      | Found an exit through the horrors of the Abyss.
105799 | Pan      | Noticed Gloorx Vloq
105813 | Pan      | Killed Gloorx Vloq
105813 | Pan      | Reached skill level 21 in Fighting
105822 | Pan      | Got a dark rune of Zot
105967 | Pan      | Found an exit through the horrors of the Abyss.
106100 | Depths:2 | Escaped Pandemonium
106812 | Pan      | Entered Pandemonium
106814 | Pan      | Found an exit through the horrors of the Abyss.
106871 | Pan      | Reached skill level 1 in Summonings
106871 | Pan      | Reached skill level 1 in Ice Magic
106958 | Pan      | Reached skill level 1 in Evocations
107130 | Pan      | Found an exit through the horrors of the Abyss.
107188 | Pan      | Identified the cursed +0 pair of gloves of the Nine Gods {*Drain +Blink Str+2} (You acquired it in Pandemonium)
107243 | Pan      | Found a basalt altar of Yredelemnul.
107308 | Pan      | Noticed Karutiwn the pandemonium lord
107342 | Pan      | Killed Karutiwn the pandemonium lord
107405 | Pan      | Gained mutation: You are very dopey. (Int -4) [a neqoxec]
107415 | Pan      | HP: 12/251 [smoke demon/divine providence (13)]
107416 | Pan      | HP: 3/251 [Executioner (15)]
107453 | Pan      | Lost mutation: You are agile. (Dex +2) [potion of cure mutation]
107453 | Pan      | Lost mutation: You are very dopey. (Int -4) [potion of cure mutation]
107453 | Pan      | Lost mutation: You are dopey. (Int -2) [potion of cure mutation]
107453 | Pan      | Lost mutation: Your natural rate of healing is unusually fast. [potion of cure mutation]
107453 | Pan      | Lost mutation: Scrolls take you a little longer to read. [potion of cure mutation]
107487 | Pan      | Noticed Into the pandemonium lord
107519 | Depths:2 | Escaped Pandemonium
107744 | Pan      | Entered Pandemonium
107892 | Pan      | Identified the +11 hand crossbow "Hydraslayer" {freeze, *Drain rPois Int+9 Dex+4} (You took it off a gelid demonspawn in Pandemonium)
107999 | Pan      | Noticed Upraos the pandemonium lord
108004 | Pan      | Found an exit through the horrors of the Abyss.
108286 | Depths:2 | Escaped Pandemonium
108320 | Pan      | Entered Pandemonium
108456 | Pan      | Entered the realm of Cerebov.
108465 | Pan      | Reached skill level 22 in Fighting
108521 | Pan      | Found an exit through the horrors of the Abyss.
109123 | Pan      | Identified the amulet of the Scavenger {Harm *Drain Slay+2}
109128 | Pan      | Identified the +5 quarterstaff of Giunuuc {flame, rC+ Int+5}
109178 | Pan      | Reached skill level 23 in Fighting
109196 | Pan      | Noticed Cerebov
109260 | Pan      | Killed Cerebov
109261 | Pan      | Identified the ring "Tussouzy" {rC+ Stlth+} (You took it off a balrug in Pandemonium)
109286 | Pan      | HP: 12/259 [balrug/fireball (50)]
109530 | Pan      | Identified the ring of Qeagami {*Corrode rElec rC+ Str+3 Int+5}
109545 | Pan      | Identified a +9 rod of ignition (14/14) (You found it in Pandemonium)
109547 | Pan      | Identified a +1 rod of clouds (10/10) (You found it in Pandemonium)
109550 | Pan      | Identified the Handbook of Calling and Earth (You found it in Pandemonium)
109561 | Pan      | Got a fiery rune of Zot
109680 | Pan      | Took an exit into the Abyss.
109680 | Abyss:1  | Escaped into the Abyss
109751 | Depths:2 | Escaped the Abyss
109843 | Dis:1    | Entered Level 1 of the Iron City of Dis
110334 | Dis:3    | Reached skill level 24 in Fighting
110871 | Dis:5    | You fall through a shaft!
110996 | Dis:7    | Entered Level 7 of the Iron City of Dis
111268 | Dis:7    | Upgraded the game from 0.18-a0-1792-g362e38b to 0.18-a0-1800-gdc7a371
111788 | Depths:2 | Voluntarily entered the Abyss.
112004 | Abyss:2  | Found a corrupted altar of Lugonu.
112118 | Abyss:2  | Identified the +7 long sword of Gravity {speed, Int+6}
112127 | Abyss:2  | Reached skill level 25 in Fighting
113082 | Abyss:4  | Reached skill level 26 in Fighting
113119 | Abyss:4  | Found a corrupted altar of Lugonu.
113226 | Abyss:5  | Entered Level 5 of the Abyss
113388 | Abyss:5  | Gained mutation: Your spells are a little harder to cast, but a little more powerful. [a cacodemon]
113434 | Depths:2 | Escaped the Abyss
113435 | Depths:2 | Gained mutation: Scrolls take you a little longer to read. [mutagenic glow]
113487 | Depths:2 | Lost mutation: Scrolls take you a little longer to read. [potion of cure mutation]
113487 | Depths:2 | Lost mutation: Your spells are a little harder to cast, but a little more powerful. [potion of cure mutation]
113720 | Zot:5    | Entered Level 5 of the Realm of Zot
114150 | Zot:5    | Noticed an ancient lich
114175 | Zot:5    | Killed an ancient lich
114264 | Zot:5    | Noticed an ancient lich
114277 | Zot:5    | Killed an ancient lich
114277 | Zot:5    | Reached skill level 27 in Fighting
114650 | Zot:5    | Noticed an orb of fire
114815 | Zot:5    | Killed an orb of fire
114838 | Zot:5    | Noticed an ancient lich
114848 | Zot:5    | Killed an ancient lich
115220 | Zot:5    | Noticed an orb of fire
115245 | Zot:5    | Killed an orb of fire
115310 | Zot:5    | Noticed an orb of fire
115474 | Zot:5    | Killed an orb of fire
115769 | Zig:1    | Entered Level 1 of a ziggurat
115788 | Zig:2    | Entered Level 2 of a ziggurat
115813 | Zig:3    | Entered Level 3 of a ziggurat
115858 | Zig:4    | Entered Level 4 of a ziggurat
115862 | Zig:4    | Identified the +3 long sword of the Exiled Gods {slice, +Blink Int+2}
116001 | Zig:5    | Entered Level 5 of a ziggurat
116123 | Zig:6    | Entered Level 6 of a ziggurat
116154 | Zig:6    | Identified the Collected Works on the Enchanting Glacier
116162 | Zig:6    | Gained mutation: You have supernaturally acute eyesight. [potion of beneficial mutation]
116189 | Zig:7    | Entered Level 7 of a ziggurat
116272 | Zig:8    | Entered Level 8 of a ziggurat
116364 | Zig:8    | Identified the Collected Works on Clay and Battle Magic
116439 | Zig:9    | Entered Level 9 of a ziggurat
116461 | Zig:9    | Reached skill level 15 in Shields
116508 | Zig:10   | Entered Level 10 of a ziggurat
116519 | Zig:10   | Noticed an ancient lich
116519 | Zig:10   | Noticed an ancient lich
116534 | Zig:10   | Killed an ancient lich
116534 | Zig:10   | Killed an ancient lich
116542 | Zig:10   | Identified the ring "Cethat" {Fire *Contam rN+++ MR- Int+4}
116695 | Zig:11   | Entered Level 11 of a ziggurat
116726 | Zig:11   | Identified the ring of the Doge {rPois rF+ Int+4}
116789 | Zig:12   | Entered Level 12 of a ziggurat
116949 | Zig:13   | Entered Level 13 of a ziggurat
116965 | Zig:13   | Noticed an ancient lich
116967 | Zig:13   | Identified the ring of the Catfish {Fire Fragile Int+5 Dex+3}
116997 | Zig:13   | Killed an ancient lich
117018 | Zig:13   | Identified the Reference Book on Bewitchment and the Snowflakes
117021 | Zig:13   | Identified the Incunabulum of Damaging Talismans
117116 | Zig:14   | Entered Level 14 of a ziggurat
117133 | Zig:14   | Noticed a greater mummy
117133 | Zig:14   | Noticed a greater mummy
117135 | Zig:14   | Noticed a greater mummy
117144 | Zig:14   | Noticed a greater mummy
117144 | Zig:14   | Killed a greater mummy
117158 | Zig:14   | Identified the ring "Ocamum" {rElec rF+ MR+ MP+9 Int+3}
117684 | Zot:5    | Got the Orb of Zot
117908 | Depths:5 | Noticed Ytitenneh the pandemonium lord
117908 | Depths:5 | Noticed an ancient lich
118094 | D:15     | Noticed Qaip the pandemonium lord
118525 | D:$      | Escaped with the Orb!

Vault maps used:
D:1:      elethiomel_arrival_shortcut, serial_park_tiny_1, minmay_statues_item,
          roderic_serpentine_path
D:2:      serial_forest, infiniplex_forest_straight_3,
          infiniplex_forest_lined_2, infiniplex_forest_lined_corner,
          infiniplex_forest_lined_2, infiniplex_forest_clump_curved,
          infiniplex_forest_clump_medium, infiniplex_forest_clump_long,
          infiniplex_forest_corner_1, kennysheep_cross_room,
          grunt_pakellas_sulfur
D:3:      lemuel_round_altar, uniq_iyjb
D:4:      old_standard_altar, lemuel_coloured_pillars_altar, first_bread
D:5:      lemuel_crystal_altar, uniq_duvessa
D:6:      minmay_temple_entry_enclosed_plants
D:7:      lemuel_ice_spiral_2, serial_shops, shop
D:8:      the_bakery, hex_tiny, uniq_erica, uniq_psyche
D:9:      lair_0_dummy, orc_0_dummy, serial_shops, shop, serial_bayou_lagoon_a,
          st_stairs_6, uniq_maurice
D:10:     uniq_urug, uniq_erolcha, uniq_sonja
D:11:     uniq_snorg, uniq_fannar
D:12:     minmay_guarded_unrand_flaming_death
D:13:     hangedman_vaults_entry_quadrant_bands, billiards_dpeg
D:15:     grunt_enter_depths_magical_seal, lemuel_tele_altar
Temple:   nicolae_temple_elliptical
Lair:1:   wad_woods_minihive, beast_lair_carwin_9
Lair:2:   beast_lair_carwin_5, serial_bayou_shore_a, lemuel_fruit_tree,
          grunt_megastairs_3
Lair:3:   nicolae_volcano_entry_lava_flow, ice2_lemuel
Lair:5:   minmay_swamp_entry_reptiles, minivault_27, st_stairs_10
Lair:6:   dummy_snake_entry, portal_ice_cave_entry_imps
Lair:7:   slime_altar_1, infiniplex_staircase_pool
Lair:8:   minmay_lair_end_frog_pond, lemuel_centaur_altar
Swamp:1:  cheibrodos_swamp_tower_of_moss, evilmike_swamp_ruin_house_3,
          uniq_donald
Swamp:2:  evilmike_swamp_ruin_house_4, infiniplex_staircase_pool_2
Swamp:3:  hangedman_swamp_ruin_wall, swamp_pool2
Swamp:4:  swamp_pestilence
Snake:1:  uniq_azrael, uniq_aizul, uniq_frances
Snake:2:  uniq_louise
Snake:3:  serial_bayou_shore_b
Snake:4:  snake_pit, serial_bayou_shore_b, uniq_wiglaf, uniq_agnes
Slime:3:  cheibrodos_slime_lost_civilization_3,
          cheibrodos_slime_lost_civilization_7
Slime:6:  uniq_dissolution
Orc:1:    special_room, uniq_maud
Orc:2:    st_orc_pillars
Elf:1:    minmay_elf_arrival_circle, evilmike_minifort,
          serial_sigils_hangedman_writhe
Elf:2:    st_stairs_14, hangedman_elf_power_crystal,
          serial_sigils_hangedman_snap
Elf:3:    elf_hall_gauntlet_narrow, st_stairs_6
Vaults:1: hangedman_vaults_pinch, nicolae_vaults_little_squares_6,
          vaults_room_door_hall, v_misc_25, hangedman_vaults_snaps,
          hangedman_vaults_capsules, nicolae_vaults_stairing_the_circle,
          v_misc_22, nicolae_vaults_murderbox, v_misc_30,
          nicolae_vaults_rhombus_5, serial_shops, statue_bzr, shop, shop,
          uniq_jorgrun
Vaults:2: ontoclasm_vaults_chip, minmay_crypt_entry_skeletal_spiral, v_misc_30,
          vaults_mumra_hexcomb, ontoclasm_vaults_spin, v_misc_32,
          nicolae_vaults_triangles, hangedman_vaults_corner_blocks,
          vaults_room_glass_cross, nicolae_vaults_little_ls, v_misc_22,
          ontoclasm_vaults_ligature, serial_shops, shop
Vaults:3: vaults_room_boxed, ontoclasm_vaults_chip,
          ontoclasm_vaults_loading_screen, grunt_vaults_hallway_short,
          ontoclasm_vaults_tryst, nicolae_vaults_ninety_degrees, v_rooms_2,
          v_misc_12, nicolae_vaults_yaktaur_gun_rack,
          nicolae_vaults_little_squares_6, vaults_dpeg_spiral, v_misc_25,
          serial_shops, nicolae_shop_stone, uniq_norris
Vaults:4: nicolae_vaults_hallways_thing, nicolae_vaults_know_your_exits,
          vaults_mumra_lcd, v_misc_25, v_misc_9, nicolae_vaults_what_the_h,
          vaults_standard_mumra_enter_the_diamond,
          nicolae_vaults_mini_display_case, grunt_vaults_focal, serial_shops,
          nicolae_shop_crystal
Vaults:5: serial_shops
Crypt:1:  lemuel_nasty_fountain
Crypt:2:  grunt_megastairs_1
Crypt:3:  church_of_pain_bobbens, tomb_entry_forgotten_bobbens,
          st_shrine_of_skulls, uniq_margery, uniq_boris
Depths:1: nicolae_sextant, hell_entry, lemuel_flamethrower_hall
Depths:2: grunt_profane_halls, hell_entry, abyss_entry, pan_entry
Depths:3: hangedman_arrow_trap, hellmouth_1, pan_entry,
          serial_sigils_hangedman_etch, serial_bayou_shore_b
Depths:4: minmay_three_patterns, hell_entry, serial_bayou_ford_a, abyss_entry,
          infiniplex_staircase_door_maze
Depths:5: evilmike_zot_entry_hall, enter_ziggurat_a, pf_coc_iceberg,
          columned_hall_lemuel, abyss_entry, nrook_mini_vaults
Dis:1:    door_vault
Dis:3:    lemuel_elevator
Dis:7:    dis_hangedman
Zot:1:    st_single_dragon_hoard_1
Zot:3:    minmay_elemental_castle
Abyss:1:  guppyfry_abyss_exit_imp_island
Abyss:2:  evilmike_abyss_exit_plants, evilmike_abyss_exit_chaos
Abyss:3:  evilmike_abyss_rune_tentacle_tunnel, evilmike_abyss_exit_2,
          hangedman_classic_abyss_death
Abyss:4:  hangedman_abyss_or_decor_stagger, hangedman_decor_points
Abyss:5:  bh_abyss_negative, evilmike_abyss_exit_smiterflies
Pan:      grunt_pan_in_and_out, reaverb_pan_squares, rand_demon_5,
          grunt_pan_in_and_out, grunt_pan_spiral, nicolae_pan_lom_lobonic_2,
          evilmike_holy_pan, grunt_pan_zigzag, nicolae_pan_cerebovesque_1,
          pan_captured_pigsty, lom_lobon_st, lemuel_hellion_island,
          pan_blood_fountain_small, nicolae_pan_mnolegish_5,
          nicolae_pan_hourglass, grunt_pan_spiral, evilmike_mini_pan_murderfest,
          nicolae_pan_performance_anxiety, nicolae_pan_lom_lobonic_3,
          reaverb_pan_figure_eight, mnoleg_grunt_wretched_star,
          nicolae_pan_cerebovesque_4, nicolae_pan_sigil_nadil,
          evilmike_mini_pan_other_thingy, rand_demon_8,
          nicolae_pan_lom_lobonic_2, gloorx_vloq, pan_blood_fountain_2,
          evilmike_mini_pan_pillars, evilmike_mini_pan_diamond,
          pan_blood_fountain_small, nicolae_pan_lom_lobonic_1,
          evilmike_mini_pan_other_thingy, pan_blood_fountain_small,
          grunt_pan_sceptre, rand_demon_5, grunt_pan_zigzag, rand_demon_8,
          lemuel_hall_of_pain, grunt_pan_zigzag, rand_demon_7,
          pan_blood_fountain_small, lemuel_draining_boxes, rand_demon_9,
          evilmike_mini_pan_possible_glass, nicolae_pan_glass_arcs,
          pan_blood_fountain_small, cerebov_grunt_fire_and_steel
Zig:7:    ziggurat_pillar_centre_dead_trees
Zig:9:    ziggurat_pillar_centre_smoke
Zig:11:   ziggurat_pillar_centre_c
Bazaar:   bazaar_minmay_plants
IceCv:    ice_cave_caverns_03
Volcano:  volcano_pools

Skill      XL: |  1  2  3  4  5  6  7  8  9 10 11 12 13 14 15 16 17 18 19 20 21 22 23 24 25 26 27 |
---------------+----------------------------------------------------------------------------------+-----
Maces & Flails | 3 4 5 6 8 10 13 14 13 7 4 0 |  0.0
Fighting       | 3 4 6 7 9 13 15 16 17 19 27 | 27.0
Shields        | 4 10 12 13 21 | 21.1
Charms         | 3 7 8 11 13 17 | 17.4
Translocations | 1 2 3 |  3.4
Necromancy     | 2 3 12 | 12.3
Hexes          | 3 4 |  4.7
Spellcasting   | 5 6 9 10 11 22 | 22.6
Conjurations   | 2 5 9 10 12 13 15 18 20 21 23 | 23.8
Fire Magic     | 2 7 11 12 13 14 16 18 20 22 23 | 23.8
Dodging        | 2 5 7 10 13 17 | 17.6
Stealth        | 4 5 7 8 11 12 | 12.1
Air Magic      | 3 6 |  6.8
Poison Magic   | 3 |  3.3
Transmutations | 3 |  3.3
Earth Magic    | 2 3 |  3.0
Axes           | 4 12 13 14 23 | 23.7
Summonings     | 2 |  2.6
Ice Magic      | 3 |  3.1
Evocations     | 3 |  3.0

Action                   |  1- 3 |  4- 6 |  7- 9 | 10-12 | 13-15 | 16-18 | 19-21 | 22-24 | 25-27 || total
-------------------------+-------+-------+-------+-------+-------+-------+-------+-------+-------++-------
Melee: Mace              |   150 |    69 |       |       |       |       |       |       |       ||   219
       Tailslap          |    14 |    27 |    48 |   124 |   279 |   381 |   419 |   311 |  1826 ||  3429
       Morningstar       |       |   163 |   332 |   772 |  1860 |  1922 |  1386 |       |       ||  6435
       Staff             |       |       |       |    37 |       |       |       |       |       ||    37
       Demon whip        |       |       |       |       |       |       |   868 |       |       ||   868
       Broad axe         |       |       |       |       |       |       |    36 |  1678 |  8602 || 10316
       Headbutt          |       |       |       |       |       |       |       |   163 |   374 ||   537
Throw: Tomahawk          |       |     3 |     3 |     1 |       |       |       |       |       ||     7
 Cast: Infusion          |     2 |     3 |     4 |     3 |     4 |     2 |       |       |       ||    18
       Shroud of Golubri |     3 |    13 |    13 |    14 |    11 |    11 |       |       |       ||    65
       Regeneration      |       |       |     4 |    38 |    96 |   113 |    58 |    66 |   218 ||   593
       Song of Slaying   |       |       |     1 |       |     4 |     1 |       |       |       ||     6
       Spectral Weapon   |       |       |     2 |    38 |    87 |   134 |    59 |    54 |   211 ||   585
       Conjure Flame     |       |       |       |     2 |     1 |       |       |       |       ||     3
       Repel Missiles    |       |       |       |     1 |     1 |     9 |     1 |       |       ||    12
       Swiftness         |       |       |       |       |     7 |     8 |     7 |     5 |    29 ||    56
       Blink             |       |       |       |       |       |    15 |     5 |    19 |    30 ||    69
       Mephitic Cloud    |       |       |       |       |       |     9 |    79 |    18 |     5 ||   111
       Ignite Poison     |       |       |       |       |       |     6 |    12 |     2 |       ||    20
       Apportation       |       |       |       |       |       |     5 |     2 |     6 |    25 ||    38
       Fireball          |       |       |       |       |       |    17 |    41 |    39 |   126 ||   223
       Summon Butterflie |       |       |       |       |       |     2 |       |       |       ||     2
       Passwall          |       |       |       |       |       |     1 |       |       |       ||     1
       Haste             |       |       |       |       |       |       |    19 |    23 |   108 ||   150
       Deflect Missiles  |       |       |       |       |       |       |     4 |     7 |    21 ||    32
       Delayed Fireball  |       |       |       |       |       |       |       |     3 |    28 ||    31
       Fire Storm        |       |       |       |       |       |       |       |       |    76 ||    76
       Ring of Flames    |       |       |       |       |       |       |       |       |    26 ||    26
       Silence           |       |       |       |       |       |       |       |       |    11 ||    11
       Death's Door      |       |       |       |       |       |       |       |       |     3 ||     3
       Freezing Cloud    |       |       |       |       |       |       |       |       |     1 ||     1
Invok: Curse Item        |       |       |       |     3 |     2 |     3 |     5 |       |     8 ||    21
       Scrying           |       |       |       |       |       |       |     2 |     1 |     5 ||     8
       Transfer Knowledg |       |       |       |       |       |       |     1 |     2 |     1 ||     4
 Abil: Release Delayed F |       |       |       |       |       |       |       |     3 |    23 ||    26
Evoke: Wand              |       |     4 |     3 |     4 |     2 |     1 |     2 |     3 |    50 ||    69
       Staff of Olgreb   |       |       |    19 |       |       |       |       |       |       ||    19
       Sack of spiders   |       |       |       |       |       |     6 |       |       |       ||     6
       Phantom mirror    |       |       |       |       |       |       |       |       |     2 ||     2
       Figurine of a zig |       |       |       |       |       |       |       |       |     1 ||     1
  Use: Scroll            |     1 |     4 |     5 |    12 |     8 |    19 |    12 |     9 |    63 ||   133
       Potion            |       |     2 |    12 |     3 |     9 |     9 |     6 |     3 |    72 ||   116
 Stab: Sleeping          |       |     2 |     1 |     5 |    24 |    27 |    47 |    20 |    52 ||   178
       Invisible         |       |     1 |     2 |       |       |       |       |       |       ||     3
       Distracted        |       |       |     1 |     5 |    14 |    33 |    23 |    22 |   133 ||   231
       Confused          |       |       |       |       |       |     1 |    51 |    24 |     4 ||    80
  Eat: Chunk             |     4 |     9 |    14 |    25 |    44 |    28 |    54 |    46 |    63 ||   287
       Pizza             |       |       |     1 |       |     1 |     1 |     2 |     1 |     5 ||    11
       Beef jerky        |       |       |       |     1 |       |     4 |     1 |     1 |    13 ||    20
       Bread ration      |       |       |       |     1 |     2 |     4 |       |     1 |    15 ||    23
       Fruit             |       |       |       |     1 |       |     3 |     2 |     8 |    12 ||    26
       Meat ration       |       |       |       |       |     1 |     2 |     2 |     2 |    22 ||    29
       Royal jelly       |       |       |       |       |       |       |       |     1 |     7 ||     8
Armor: Skin              |    43 |    83 |   101 |   199 |   414 |   454 |   278 |   276 |  1269 ||  3117
Dodge: Dodged            |    92 |   146 |   146 |   298 |  1118 |  1077 |   809 |   706 |  3101 ||  7493
       Deflected         |       |       |       |     1 |     2 |    24 |    22 |    56 |   197 ||   302
Block: Buckler           |       |       |    95 |   322 |   633 |   136 |       |       |       ||  1186
       Reflection        |       |       |     6 |     3 |     7 |   101 |    88 |    59 |    88 ||   352
       Shield            |       |       |       |       |       |   958 |   831 |   690 |  3950 ||  6429
